 Dungeon Crawl Stone Soup version 0.32-a0-928-g1cae6b7ea0 (webtiles) character file.

Game seed: 16881569625980580260

212228 BubbleThief the Pyromancer (level 18, 0/171 HPs)
             Began as a Naga Alchemist on Apr 11, 2024.
             Was an Initiate of Gozag.
             Hit by a silver javelin thrown by a merfolk javelineer (21 damage)
             ... on level 2 of the Shoals on Apr 12, 2024.
             The game lasted 01:23:15 (41542 turns).

BubbleThief the Pyromancer (Naga Alchemist)        Turns: 41542, Time: 01:23:16

Health: 0/171      AC: 21    Str: 19    XL:     18   Next: 91%
Magic:  15/37      EV:  6    Int: 34    God:    Gozag
Gold:   3073       SH: 13    Dex: 15    Spells: 13/47 levels left

rFire   + + +        C - +11 dagger of Honesty {drain, rF++ rN+}
rCold   + + .        Q - +3 buckler of Resonance {rC+ rCorr}
rNeg    + . .        w - +2 leather armour "Opheyvui" {+Inv Will++}
rPois   +            V - +2 helmet {Int+3}
rElec   .            S - scarf {rC+ rF+}
rCorr   +            W - +2 pair of gloves
SInv    +            Y - +2 barding {rF+}
Will    ++++.        f - amulet of reflection
Stlth   ++           E - +6 ring of intelligence
HPRegen 0.48/turn    H - ring of Baereoru {+Blink rCorr Str+6 Int+4 Dex+3}
MPRegen 0.25/turn

%: reflection
@: very slightly contaminated, very slow
A: AC +6, large, see invisible, deformed body, poison resistance, slowness 2,
spit poison 1, naga tail 2
}: 1/15 runes: serpentine
a: Spit Poison, Renounce Religion, Evoke Blink, Evoke Invisibility, Potion
Petition, Call Merchant, Bribe Branch


You were on level 2 of the Shoals.
You worshipped Gozag.
Gozag was most pleased with you.
You visited 5 branches of the dungeon, and saw 28 of its levels.
You also visited: Sewer and Ice Cave.

You collected 12680 gold pieces.
You spent 7499 gold pieces at shops.
You paid 2108 gold pieces to Gozag.

Inventory:

Hand Weapons
 C - the +11 dagger of Honesty (weapon) {drain, rF++ rN+}
   (You found it on level 5 of the Dungeon)

   rF++:      It greatly protects you from fire.
   rN+:       It protects you from negative energy.
Missiles
 m - 5 throwing nets
Armour
 w - the +2 leather armour "Opheyvui" (worn) {+Inv Will++}
   (You bought it in a shop on level 4 of the Dungeon)

   Will++:    It greatly increases your willpower.
   +Inv:      It lets you turn invisible.
 Q - the +3 buckler of Resonance (worn) {rC+ rCorr}
   (You bought it in a shop on level 4 of the Lair of Beasts)

   rC+:       It protects you from cold.
   rCorr:     It protects you from acid and corrosion.
 S - a scarf of resistance (worn)
 V - a +2 helmet of intelligence (worn)
 W - a +2 pair of gloves (worn)
 Y - a +2 barding of fire resistance (worn)
Jewellery
 d - a ring of willpower
 f - an amulet of reflection (around neck)
 o - the ring "Seddexae" {rElec Str+8 Dex+6 Slay-3}
   (You found it on level 14 of the Dungeon)

   [ring of dexterity]

   Str+8:     It affects your strength (+8).
   Dex+6:     It affects your dexterity (+6).
   Slay-3:    It affects your accuracy & damage with ranged weapons and melee
   (-3).
   rElec:     It insulates you from electricity.
 s - the ring "Muodwo" {Wiz rCorr Dex-4 Stlth+}
   (You found it on level 14 of the Dungeon)

   [ring of wizardry]

   Wiz:       It improves your spell success rate.
   Dex-4:     It affects your dexterity (-4).
   rCorr:     It protects you from acid and corrosion.
   Stlth+:    It makes you more stealthy.
 E - a +6 ring of intelligence (left hand)
 H - the ring of Baereoru (right hand) {+Blink rCorr Str+6 Int+4 Dex+3}
   (You found it on level 14 of the Dungeon)

   [ring of strength]

   Str+6:     It affects your strength (+6).
   Int+4:     It affects your intelligence (+4).
   Dex+3:     It affects your dexterity (+3).
   +Blink:    It lets you blink.
   rCorr:     It protects you from acid and corrosion.
 I - a ring of positive energy
 P - a ring of protection from fire
 U - an amulet of the acrobat
Wands
 r - a wand of flame (11)
 v - a wand of polymorph (5)
 B - a wand of charming (18)
 F - a wand of light (7)
 M - a wand of warping (28)
 O - a wand of digging (5)
 X - a wand of mindburst (6)
Scrolls
 c - 13 scrolls of teleportation
 g - 5 scrolls of enchant armour
 i - 6 scrolls of identify
 p - 2 scrolls of amnesia
 t - 6 scrolls of immolation
 x - a scroll of fog
 y - a scroll of poison
 D - 5 scrolls of enchant weapon
 G - 4 scrolls of blinking
 L - 2 scrolls of vulnerability
 T - a scroll of brand weapon
Potions
 a - 2 potions of brilliance
 b - 5 potions of magic
 e - a potion of berserk rage
 h - 5 potions of might
 j - 3 potions of invisibility
 k - 13 potions of heal wounds
 n - 10 potions of curing
 q - 4 potions of attraction
 u - 4 potions of ambrosia
 z - 7 potions of mutation
 A - 4 potions of lignification
 J - 3 potions of enlightenment
 K - 10 potions of haste
 N - 4 potions of cancellation
 R - 2 potions of resistance
Miscellaneous
 l - a phial of floods (inert)


   Skills:
 + Level 13.1 Fighting
 - Level 10.0 Short Blades
 - Level 1.5 Dodging
 - Level 3.0 Stealth
 - Level 6.1 Shields
 - Level 15.0 Spellcasting
 + Level 10.5 Conjurations
 - Level 21.0 Fire Magic
 - Level 9.0 Alchemy


You had 13 spell levels left.
You knew the following spells:

 Your Spells              Type           Power      Damage    Failure   Level
a - Sting                 Conj/Alch      100%       1d9       1%          1
b - Mephitic Cloud        Conj/Alch/Air  62%        N/A       1%          3
c - Olgreb's Toxic Radia  Alch           72%        N/A       1%          4
d - Sticky Flame          Fire/Alch      91%        2d14      1%          4
e - Irradiate             Conj/Alch      37%        3d24      1%          5
f - Ignite Poison         Fire/Alch      91%        N/A       1%          4
g - Ignition              Fire           53%        3d15      2%          8
h - Fireball              Conj/Fire      46%        3d18      1%          5

Your spell library contained the following spells:

 Spells                   Type           Power      Damage    Failure   Level
 Cigotuvi's Dreadful Rot  Necr/Alch/Air  90%        N/A       1%          2
 Mercury Vapours          Alch/Air       100%       N/A       1%          2
 Inner Flame              Hex/Fire       77%        N/A       1%          3
 Volatile Blastmotes      Fire/Tloc      100%       2d18      1%          3
 Fulminant Prism          Conj/Alch      37%        3d17      1%          4
 Alistair's Intoxication  Alch           48%        N/A       1%          5
 Apportation              Tloc           50%        N/A       2%          1
 Iskenderun's Mystic Bla  Conj/Tloc      57%        2d12      (+2d62%     4
 Call Imp                 Summ           50%        N/A       3%          2
 Jinxbite                 Hex            50%        N/A       3%          2
 Sublimation of Blood     Necr           25%        N/A       3%          2
 Call Canine Familiar     Summ           25%        N/A       7%          3
 Fugue of the Fallen      Necr           25%        N/A       7%          3
 Ozocubu's Armour         Ice            25%        N/A       7%          3
 Sigil of Binding         Hex            25%        N/A       7%          3
 Freezing Cloud           Conj/Ice/Air   24%        6-21      16%         5
 Cause Fear               Hex            12%        N/A       22%         4
 Dimensional Bullseye     Hex/Tloc       12%        N/A       22%         4
 Manifold Assault         Tloc           12%        N/A       100%        7
 Summon Hydra             Summ           12%        N/A       100%        7
 Dragon's Call            Summ           12%        N/A       100%        9


Dungeon Overview and Level Annotations

Branches:
Dungeon (15/15)            Temple (0/1) D:7            Lair (5/5) D:11
 Shoals (2/4) Lair:2        Snake (4/4) Lair:3        Slime (0/5) Lair:5
    Orc (2/2) D:12            Elf (0/3) Orc:2        Vaults (0/5) D:14
 Depths (0/4) D:15          Sewer (visited)           IceCv (visited)

Altars:
Cheibriados
Elyvilon
Gozag
Kikubaaqudgha
Nemelex Xobeh
Ru
Trog
Xom
The Shining One
Beogh

Shops:
D:1 [   D:4 [   D:6 (   D:8 *:!   D:15 *[   Orc:2 [[**   Lair:4 [   Shoals:1 **
Snake:1 :=:   Snake:3 *([

Annotations:
D:4 1 runed translucent door, grrhawk's ghost, amateur CoHu
D:5 2 transporters, D0namaru's ghost, amateur DsNe
D:8 2 transporters, RBrandon's ghost, novice CoBe
Lair:4 1 runed translucent door


Innate Abilities, Weirdness & Mutations

Your serpentine skin is tough. (AC +6)
You have supernaturally acute eyesight. (SInv)
Armour fits poorly on your strangely shaped body.
Your system is resistant to poisons. (rPois)
You cover ground very slowly.
You can spit poison.
You can use your snake-like lower body to constrict enemies.


Message History

The merfolk javelineer throws a silver javelin.
The silver javelin pierces through you!
Unknown command.
The merfolk javelineer throws a silver javelin.
The silver javelin pierces through you!!
The merfolk javelineer throws a silver javelin.
The silver javelin pierces through you!
The merfolk javelineer throws a silver javelin.
The silver javelin barely misses you.
The merfolk javelineer throws a silver javelin.
The silver javelin pierces through you!
You barely miss the merfolk javelineer.
Your grab misses the merfolk javelineer.
The merfolk javelineer is almost dead.
You have got your breath back.
The merfolk javelineer throws a silver javelin.
The silver javelin pierces through you!
* * * LOW HITPOINT WARNING * * *
x2
Casting: Ignition (dangerous; 2% risk of failure)
Confirm with . or Enter, or press ? or * to list all spells.
You miscast Irradiate.
You are very lightly contaminated with residual magic.
Nothing appears to happen.
The merfolk javelineer throws a silver javelin.
The silver javelin pierces through you!!
* * * LOW HITPOINT WARNING * * *
x2 Unknown command.
Casting: Irradiate (mildly dangerous; 1% risk of failure)
Confirm with . or Enter, or press ? or * to list all spells.
Aiming: Sticky Flame (safe; 1% risk of failure)
Press: ? - help, Shift-Dir - straight line, f/p - merfolk javelineer
Aim: a merfolk javelineer, wielding a +0 spear of venom, wearing a +0 leather armour and quivering silver javelins (almost dead, poisoned)
The sticky flame hits the merfolk javelineer.
The merfolk javelineer is almost dead.
The merfolk javelineer looks more healthy.
The merfolk javelineer burns!
The merfolk javelineer throws a silver javelin.
The silver javelin pierces through you!!
You die...
Your body crumbles into a pile of gold.

##.~~~~.# ...~~~~~.#
~~~~~~~~~~.# ≈≈~~~~~~~~~.#
#... ≈≈~~~~~~~~~~.#######....
~~~~~~~~~≈≈≈~..?......#
~~~~~~~~~~~~~.m........#####
~~~~~~~~~~~~~@...............
≈~~~~~~.....................~~
≈~~~~~....................~~~~
≈~~~~$...................~~~~~
≈~~~~~...<$$.........$...~~~~~
~~~~~~..............$...$~~~~~
~~~~~~................~...~~~≈
~~~~~~......#######...~~~~~~~~
~~~~~.$.....#$$$$$#..~~.~~~~~~


You could see a merfolk javelineer (burning).

Vanquished Creatures
  Nikola (Shoals:2)
  Kirke (D:13)
  12 nagarajas
  3 frost giants
  The ghost of pokedragonboy the Spear-Bearer, a journeyman DsFi of Jiyva (D:14)
  The ghost of Zays the Fighter, an adept GrEE of Okawaru (Shoals:1)
  Louise (D:15)
  An orc warlord (Orc:2)
  A dire elephant (Lair:5)
  The ghost of Griffin23 the Fencer, a journeyman MiFi of Zin (Lair:2)
  Azrael (D:15)
  3 merfolk impalers (Shoals:1)
  A fire dragon (D:15)
  An ettin (Orc:2)
  7 salamander tyrants
  An ice dragon (D:15)
  A vault guard (D:14)
  7 hydras
  A merfolk avatar (Shoals:1)
  Erica (D:8)
  4 centaur warriors (D:14)
  An ironbound frostheart (D:14)
  A great orb of eyes (D:14)
  A merfolk aquamancer (Shoals:2)
  13 two-headed ogres
  2 death knights
  A catoblepas (Lair:5)
  An alligator snapping turtle (Shoals:1)
  14 anacondas
  2 boulder beetles (D:14)
  2 tengu warriors
  A deep troll shaman (Lair:5)
  6 orc high priests
  10 death yaks
  9 naga sharpshooters
  13 naga warriors
  3 shock serpents
  A fire crab (shapeshifter) (D:14)
  5 sea snakes
  2 skysharks (Shoals:1)
  3 salamander mystics
  7 skeletal warriors
  A deep troll (D:14)
  A kraken simulacrum (Shoals:2)
  8 mana vipers
  8 naga ritualists
  An obsidian statue (Shoals:1)
  Pikel (D:8)
  8 harpies (Shoals:1)
  2 obsidian bats (Orc:2)
  7 cyclopes
  9 ugly things
  4 orc knights
  3 wolf spiders
  10 manticores
  4 orc sorcerers (Orc:2)
  13 elephants
  2 fauns
  12 salamanders
  A merfolk siren (Shoals:1)
  43 black mambas
  4 meliai
  2 kobold blastminers
  3 water nymphs
  18 naga magi
  9 cane toads
  8 guardian serpents
  An ice statue (IceCv)
  Maggie (D:6)
  A gargoyle (D:14)
  6 rime drakes
  3 efreet (D:15)
  An unseen horror (D:12)
  8 komodo dragons
  4 freezing wraiths
  A tengu conjurer (D:13)
  11 merfolk
  A wind drake (Shoals:1)
  7 trolls
  9 polar bears
  11 dream sheep (Lair:5)
  A jumping spider (shapeshifter) (D:11)
  21 blink frogs
  4 snapping turtles (Shoals:1)
  A shadow (D:11)
  3 water elementals
  5 wraiths
  2 vampires
  8 wyverns
  4 slime creatures (D:14)
  4 fire elementals (D:15)
  3 humans
  4 hogs (D:13)
  58 yaks
  An alligator snapping turtle simulacrum (Shoals:2)
  Eustachio (D:5)
  A steam dragon (D:8)
  Grum (D:9)
  6 vampire mosquitoes
  6 basilisks
  2 sea snake simulacra (Shoals:2)
  5 wargs
  42 nagas
  A harpy simulacrum (Shoals:2)
  2 hell hounds (D:15)
  2 acid dragons (D:11)
  24 water moccasins
  A sky beast (D:6)
  51 orc warriors
  3 ice beasts
  2 satyr simulacra (Shoals:2)
  A crocodile (Sewer)
  2 black bears
  30 wolves
  13 ogres
  2 centaurs
  2 lemures (D:8)
  3 phantoms (D:5)
  A kobold brigand (D:8)
  2 gnoll sergeants
  3 merfolk simulacra (Shoals:2)
  14 bullfrogs
  4 scorpions
  4 faun simulacra (Shoals:2)
  18 wights
  3 manticore simulacra (Shoals:2)
  2 snapping turtle simulacra (Shoals:2)
  17 killer bees
  2 electric eels
  3 howler monkeys (D:9)
  28 orc priests
  14 jellies
  4 gnoll boudas
  Jessica (D:3)
  4 iguanas
  A sleepcap (D:8)
  17 orc wizards
  4 centaur simulacra (Shoals:2)
  12 adders
  33 gnolls
  2 white imps
  2 ufetubi (D:5)
  5 dart slugs
  2 ribbon worms
  110 orcs
  5 endoplasms
  6 giant cockroaches
  4 goblins
  8 hobgoblins
  4 jackals (Sewer)
  6 quokkas
  11 ball pythons
  4 bats
  A frilled lizard (D:3)
  14 kobolds
  7 rats
1100 creatures vanquished.

Notes
Turn   | Place    | Note
-------+----------+-------------------------------------------
     0 | D:1      | BubbleThief the Naga Alchemist began the quest for the Orb.
     0 | D:1      | Reached XP level 1. HP: 15/15 MP: 3/3
    20 | D:1      | Found Doiblad's Antique Armour Boutique.
   109 | D:1      | Reached XP level 2. HP: 22/22 MP: 1/5
   638 | D:1      | Found a faded altar of an unknown god.
   650 | D:1      | Prayed at the altar of an unknown god.
   650 | D:1      | Became a worshipper of Gozag Ym Sagoz the Greedy
   660 | D:1      | Reached XP level 3. HP: 28/28 MP: 6/6
  1133 | D:2      | Learned a level 3 spell: Mephitic Cloud
  1270 | D:2      | Reached XP level 4. HP: 36/36 MP: 5/8
  1384 | D:2      | Reached skill level 5 in Alchemy
  1661 | D:2      | Learned a level 4 spell: Olgreb's Toxic Radiance
  1977 | D:3      | Found a glowing drain.
  2010 | Sewer    | Entered a sewer
  2138 | Sewer    | Noticed a crocodile
  2183 | Sewer    | Killed a crocodile
  2184 | Sewer    | Reached XP level 5. HP: 42/42 MP: 0/11
  2386 | D:3      | Noticed Jessica
  2389 | D:3      | Killed Jessica
  2390 | D:3      | Reached XP level 6. HP: 49/49 MP: 9/12
  3013 | D:3      | Found a sacrificial altar of Ru.
  3442 | D:4      | Found Fulorphui's Antique Armour Shop.
  3451 | D:4      | Bought a faintly glowing leather armour for 210 gold pieces
  3451 | D:4      | Identified the +2 leather armour "Opheyvui" {+Inv Will++}
                  | (You bought it in a shop on level 4 of the Dungeon)
  3462 | D:4      | Bought a runed scarf for 240 gold pieces
  3494 | D:4      | Found a runed translucent door.
  3498 | D:4      | Noticed grrhawk's ghost (amateur CoHu)
  3656 | D:4      | Learned a level 4 spell: Sticky Flame
  3853 | D:4      | Reached skill level 1 in Fire Magic
  3853 | D:4      | Reached XP level 7. HP: 55/55 MP: 11/14
  4180 | D:5      | Entered Level 5 of the Dungeon
  4210 | D:5      | Identified the +11 dagger of Honesty {drain, rF++ rN+}
  4247 | D:5      | Reached skill level 5 in Spellcasting
  4248 | D:5      | Reached skill level 2 in Fire Magic
  4542 | D:5      | Reached skill level 1 in Fighting
  4542 | D:5      | Reached skill level 1 in Short Blades
  4542 | D:5      | Reached skill level 3 in Fire Magic
  4542 | D:5      | Reached XP level 8. HP: 48/64 MP: 7/15
  4674 | D:5      | Noticed Eustachio
  4690 | D:5      | Killed Eustachio
  4691 | D:5      | Reached skill level 4 in Fire Magic
  5087 | D:5      | Found a transporter.
  5092 | D:5      | Found a transporter.
  5109 | D:5      | Noticed D0namaru's ghost (amateur DsNe)
  5233 | D:6      | Found Uxoink's Weapon Emporium.
  5267 | D:6      | Reached skill level 5 in Fire Magic
  5283 | D:6      | Reached XP level 9. HP: 58/76 MP: 10/18
  5466 | D:6      | Noticed Maggie
  5473 | D:6      | Killed Maggie
  5550 | D:6      | Reached skill level 6 in Fire Magic
  5880 | D:6      | Found a sparkling altar of Nemelex Xobeh.
  6570 | D:7      | Reached skill level 7 in Fire Magic
  6922 | D:7      | Reached XP level 10. HP: 87/87 MP: 14/20
  6927 | D:7      | Reached skill level 5 in Fighting
  6927 | D:7      | Reached skill level 5 in Short Blades
  7239 | D:7      | Found a staircase to the Ecumenical Temple.
  7275 | D:7      | Identified the +2 pair of boots of Houpiusirgh {Will+}
  7382 | D:8      | Found Cyemu's Distillery.
  7382 | D:8      | Found Veyxt's Book Shoppe.
  7382 | D:8      | Found Xele's General Store.
  7384 | D:8      | Bought a potion of haste for 140 gold pieces
  7384 | D:8      | Bought a potion of might for 56 gold pieces
  7384 | D:8      | Bought a potion of heal wounds for 70 gold pieces
  7384 | D:8      | Bought a potion of curing for 42 gold pieces
  7384 | D:8      | Bought 2 potions of magic for 224 gold pieces
  7434 | D:8      | Reached skill level 8 in Fire Magic
  7586 | D:8      | Noticed Erica
  7594 | D:8      | Killed Erica
  7916 | D:8      | Noticed Pikel
  7921 | D:8      | Killed Pikel
  8052 | D:8      | Found a transporter.
  8059 | D:8      | Found a bloodstained altar of Trog.
  8067 | D:8      | Noticed RBrandon's ghost (novice CoBe)
  8067 | D:8      | Noticed a moth of wrath
  8079 | D:8      | Found a transporter.
  8432 | D:9      | Found an ancient bone altar of Kikubaaqudgha.
  8432 | D:9      | Found a white marble altar of Elyvilon.
  8433 | D:9      | Reached skill level 9 in Fire Magic
  8493 | D:9      | Found a snail-covered altar of Cheibriados.
  8687 | D:9      | Noticed Grum
  8705 | D:9      | Killed Grum
  8706 | D:9      | Reached XP level 11. HP: 81/97 MP: 6/22
  8910 | D:9      | Noticed a two-headed ogre
  8920 | D:9      | Killed a two-headed ogre
  9359 | D:9      | Found a shimmering altar of Xom.
  9459 | D:10     | Entered Level 10 of the Dungeon
  9864 | D:10     | Reached skill level 10 in Fire Magic
 10624 | D:11     | Found a staircase to the Lair.
 10790 | Lair:1   | Entered Level 1 of the Lair of Beasts
 11209 | Lair:1   | Reached XP level 12. HP: 96/110 MP: 14/25
 11348 | Lair:1   | Reached skill level 11 in Fire Magic
 12653 | Lair:2   | Noticed a six-headed hydra
 12695 | Lair:2   | Reached skill level 10 in Spellcasting
 12892 | Lair:2   | Identified the +3 quarterstaff of Nyabb {freeze, Will- MP+9
                  | Dex+3 Stlth+}
 12997 | Lair:2   | Found a runed translucent door.
 12997 | Lair:2   | Noticed Griffin23's ghost (journeyman MiFi)
 13130 | Lair:2   | Killed a six-headed hydra
 13408 | Lair:2   | Found a staircase to the Shoals.
 13519 | Lair:2   | Noticed an eight-headed hydra
 13525 | Lair:2   | Killed an eight-headed hydra
 13526 | Lair:2   | Gained mutation: You can use your snake-like lower body to
                  | constrict enemies. [Naga growth]
 13526 | Lair:2   | Reached XP level 13. HP: 79/121 MP: 22/27
 13999 | Lair:3   | Reached skill level 12 in Fire Magic
 14070 | Lair:3   | Found a white marble altar of Elyvilon.
 14206 | Lair:3   | Found a staircase to the Snake Pit.
 14610 | Lair:3   | Reached skill level 10 in Fighting
 14720 | Lair:3   | Reached skill level 10 in Short Blades
 15326 | Lair:4   | Bought an ichor-stained buckler for 266 gold pieces
 15326 | Lair:4   | Identified the +3 buckler of Resonance {rC+ rCorr} (You
                  | bought it in a shop on level 4 of the Lair of Beasts)
 15716 | Lair:4   | Reached skill level 1 in Shields
 15739 | Lair:4   | Upgraded the game from 0.32-a0-918-g0f22ef8d61 to
                  | 0.32-a0-928-g1cae6b7ea0
 16136 | Lair:4   | Found a runed translucent door.
 16332 | Lair:5   | Entered Level 5 of the Lair of Beasts
 16657 | Lair:5   | HP: 6/126 [dream sheep (5)]
 16854 | Lair:5   | Found a frozen archway.
 16874 | Lair:5   | Reached XP level 14. HP: 61/133 MP: 21/29
 16887 | IceCv    | Entered an ice cave
 16895 | IceCv    | Reached skill level 13 in Fire Magic
 17798 | IceCv    | Noticed a frost giant
 17974 | IceCv    | Killed a frost giant
 17975 | IceCv    | Reached skill level 5 in Shields
 18528 | Lair:5   | Found a staircase to the Slime Pits.
 19467 | Lair:5   | Noticed a dire elephant
 19489 | Lair:5   | Killed a dire elephant
 19621 | Lair:5   | Identified the +5 short sword "Zoewapn" {antimagic, rPois
                  | Will+ Str-5 Dex+3}
 20168 | D:8      | Bought a book of Spontaneous Combustion for 532 gold pieces
 20174 | D:8      | Learned a level 5 spell: Irradiate
 20217 | D:8      | Bought a scroll of blinking for 105 gold pieces
 20217 | D:8      | Bought a Trismegistus Codex for 392 gold pieces
 20222 | D:8      | Learned a level 4 spell: Ignite Poison
 20779 | D:11     | Reached XP level 15. HP: 100/144 MP: 22/31
 21448 | D:12     | Found a staircase to the Orcish Mines.
 21758 | D:12     | Reached skill level 5 in Conjurations
 22287 | Orc:1    | Entered Level 1 of the Orcish Mines
 22460 | Orc:2    | Entered Level 2 of the Orcish Mines
 23759 | Orc:2    | Found a roughly hewn altar of Beogh.
 23954 | Orc:2    | Found Exoskeh's Assorted Antiques.
 23975 | Orc:2    | Bought 2 potions of mutation for 384 gold pieces
 23975 | Orc:2    | Bought a scroll of teleportation for 72 gold pieces
 23994 | Orc:2    | Reached skill level 14 in Fire Magic
 24015 | Orc:2    | Found Dauch's Assorted Antiques.
 24133 | Orc:2    | Bought 2 scrolls of teleportation for 204 gold pieces
 24133 | Orc:2    | Bought a pair of glowing gloves for 255 gold pieces
 24133 | Orc:2    | Bought a scroll of brand weapon for 323 gold pieces
 24409 | Orc:2    | Found a staircase to the Elven Halls.
 24600 | Orc:2    | Noticed an orc warlord
 24639 | Orc:2    | Killed an orc warlord
 24791 | Orc:2    | Found a roughly hewn altar of Beogh.
 24929 | Orc:2    | Found Pixil's Antique Armour Shoppe.
 25030 | Orc:2    | Found Tiokiy's Armour Emporium.
 25046 | Orc:2    | Bought a scarf of resistance for 480 gold pieces
 25719 | D:13     | Noticed Kirke
 25732 | D:13     | Killed Kirke
 26347 | D:13     | Reached XP level 16. HP: 110/152 MP: 24/33
 27632 | D:14     | Reached skill level 15 in Fire Magic
 27822 | D:14     | Identified the ring "Muodwo" {Wiz rCorr Dex-4 Stlth+}
 27860 | D:14     | Identified the ring "Seddexae" {rElec Str+8 Dex+6 Slay-3}
 27970 | D:14     | Identified the amulet "Hamol" {Reflect Harm Will- SH+5
                  | Stlth+}
 27974 | D:14     | Identified the ring of Baereoru {+Blink rCorr Str+6 Int+4
                  | Dex+3}
 28195 | D:14     | Found a gate to the Vaults.
 28764 | D:14     | Found a runed translucent door.
 28764 | D:14     | Noticed pokedragonboy's ghost (journeyman DsFi)
 29012 | D:15     | Entered Level 15 of the Dungeon
 29015 | D:15     | Bought a masterwork leather armour for 252 gold pieces
 29015 | D:15     | Identified the +0 leather armour of Objectivity {rPois rF++
                  | Int-4 SInv} (You bought it in a shop on level 15 of the
                  | Dungeon)
 29015 | D:15     | Bought a glowing helmet for 270 gold pieces
 29039 | D:15     | Learned a level 8 spell: Ignition
 29395 | D:15     | Noticed Azrael
 29401 | D:15     | Killed Azrael
 30068 | D:15     | Found a glowing golden altar of the Shining One.
 30213 | D:15     | Found a staircase to the Depths.
 30263 | D:15     | Noticed Louise
 30273 | D:15     | Killed Louise
 30380 | D:15     | Bought a potion of haste for 110 gold pieces
 30380 | D:15     | Bought a scroll of enchant armour for 82 gold pieces
 30380 | D:15     | Bought a potion of brilliance for 44 gold pieces
 30380 | D:15     | Bought a scroll of teleportation for 33 gold pieces
 30533 | D:14     | Killed pokedragonboy's ghost
 30534 | D:14     | Reached skill level 16 in Fire Magic
 30812 | Lair:2   | Killed Griffin23's ghost
 30817 | Lair:2   | Identified the +10 mace of the Battered Shrikes {flame,
                  | rPois rF+ rC+}
 30864 | Snake:1  | Entered Level 1 of the Snake Pit
 30994 | Lair:3   | Learned a level 5 spell: Fireball
 31234 | Snake:1  | Found a glowing golden altar of the Shining One.
 31686 | Snake:1  | Identified the +0 robe of Sin {Will+ Str+2 Int-4 Dex+3}
 32133 | Snake:1  | Found Copnoud's Book Shop.
 32134 | Snake:1  | Found Ushrecve's Jewellery Shoppe.
 32135 | Snake:1  | Found Jedur's Book Shop.
 32623 | Snake:2  | Reached XP level 17. HP: 73/159 MP: 24/35
 33465 | Snake:2  | Identified the +8 whip "Node" {freeze, rElec Str+3}
 33707 | Snake:3  | Reached skill level 15 in Spellcasting
 34252 | Snake:3  | Reached skill level 17 in Fire Magic
 34770 | Snake:3  | Found Moepuoru's Weapon Emporium.
 34770 | Snake:3  | Found Hocliucw's Assorted Antiques.
 35287 | Snake:3  | Reached skill level 18 in Fire Magic
 35558 | Snake:3  | Found Myrph's Armour Shop.
 35582 | Snake:3  | Bought a +2 pair of gloves for 231 gold pieces
 35830 | Snake:3  | Bought a potion of heal wounds for 140 gold pieces
 36299 | Snake:4  | Entered Level 4 of the Snake Pit
 36512 | Snake:4  | Reached skill level 19 in Fire Magic
 37289 | Snake:4  | Reached XP level 18. HP: 142/168 MP: 27/37
 37459 | Snake:4  | Reached skill level 20 in Fire Magic
 38286 | Snake:4  | Got a serpentine rune of Zot
 39453 | Shoals:1 | Entered Level 1 of the Shoals
 39453 | Shoals:1 | Found a runed translucent gate.
 39454 | Shoals:1 | Found a runed translucent gate.
 39454 | Shoals:1 | Found an opulent altar of Gozag.
 39455 | Shoals:1 | Found a runed translucent gate.
 39457 | Shoals:1 | Found Wear's Assorted Antiques.
 39457 | Shoals:1 | Noticed Zays's ghost (adept GrEE)
 39459 | Shoals:1 | Found Cibumosma's Assorted Antiques.
 39565 | Shoals:1 | Reached skill level 21 in Fire Magic
 39977 | Shoals:1 | Killed Zays's ghost
 40114 | Shoals:1 | Bought a potion of curing for 54 gold pieces
 40137 | Shoals:1 | Bought a potion of haste for 440 gold pieces
 40137 | Shoals:1 | Bought a masterwork leather armour for 308 gold pieces
 40137 | Shoals:1 | Identified the +1 leather armour of the Wild Haggis {Str+2}
                  | (You bought it in a shop on level 1 of the Shoals)
 40137 | Shoals:1 | Bought a shiny barding for 1144 gold pieces
 40137 | Shoals:1 | Bought a potion of heal wounds for 220 gold pieces
 40137 | Shoals:1 | Bought a potion of brilliance for 176 gold pieces
 41018 | Shoals:2 | Found a runed translucent gate.
 41018 | Shoals:2 | Found a runed translucent gate.
 41018 | Shoals:2 | Found a runed translucent gate.
 41044 | Shoals:2 | Reached skill level 10 in Conjurations
 41181 | Shoals:2 | Noticed Nikola
 41198 | Shoals:2 | Killed Nikola
 41542 | Shoals:2 | Hit by a silver javelin thrown by a merfolk javelineer

Illustrated notes

Levels and vault maps discovered:
D:1:      dpeg_arrival_radiant, layout_loops_cross,
          chequers_ecumenical_altar_simple_redux, serial_shops,
          nicolae_shop_window_shopping
D:2:      layout_loops_ring
D:3:      layout_basic, nicolae_ru_path_of_blood, gup_sewer_entry_pipe,
          uniq_jessica
D:4:      layout_basic, serial_shops, shop, ebering_ghost_reflecting_pool
D:5:      minmay_general_purpose_star, layout_gridville, gammafunk_ghost_hive,
          grunt_ministairs_1, minmay_diced_spiral, uniq_eustachio
D:6:      layout_layer_cave, nemelex_xobeh_ov_fountains_minmay, serial_shops,
          shop, uniq_maggie
D:7:      layout_rooms, minmay_temple_entry_glassed_door
D:8:      layout_loops_ring, gammafunk_ghost_wrathful_warriors,
          nicolae_shop_distant_corner_stores, uniq_erica, uniq_pikel
D:9:      layout_basic, nicolae_overflow_macrodata_refinement, uniq_grum
D:10:     layout_gridville, hangedman_decor_riveting
D:11:     layout_irregular_city, minmay_lair_entry_grove, minmay_starry_boxes
D:12:     layout_loops_ring, orc_0_dummy
D:13:     layout_stronghold, uniq_kirke
D:14:     minmay_the_grid_triangle_9x9_rhombus_thin
          [minmay_the_grid_triangle_9x9_limited_checkers,
          minmay_the_grid_triangle_9x9_prize_special,
          minmay_the_grid_triangle_9x9_swiss_cheese,
          minmay_the_grid_triangle_9x9_windchime], layout_grid_maze,
          hellmonk_vaults_keyhole, ebering_ghost_inner_flame,
          nicolae_concentric_dashed_squares_wild
D:15:     grunt_enter_depths_hoard, layout_long_grid, lemuel_round_altar,
          minmay_misc_feat_doors, chequers_serial_rivers_micro_d, uniq_azrael,
          uniq_louise
Lair:1:   layout_cave_pods, chequers_serial_rivers_micro_b, grunt_megastairs_2,
          infiniplex_staircase_pool_2
Lair:2:   layout_chaotic_city, elwin_shoals_entry_rooms, gammafunk_ghost_grave
Lair:3:   layout_cave_pods, guppyfry_snake_entry_garden, basic_altar,
          serial_bayou_shore_b
Lair:4:   beast_lair_carwin_large_2, layout_gridlike,
          pdpol_lair_cabin_in_the_woods
Lair:5:   grunt_lair_end_beastmaster, layout_gridlike,
          minmay_slime_entry_jelly_boxes, portal_ice_cave_entry_pillars_1,
          minmay_hedge_maze, st_stairs_6
Shoals:1: layout_shoals, ebering_ghost_gozag
Shoals:2: layout_shoals, nicolae_shoals_beach_cooler, uniq_nikola, uniq_ilsuiw
Snake:1:  layout_rooms, basic_altar, serial_bayou_pond_c, minmay_shop_grove
Snake:2:  layout_misc_corridors, nicolae_integral_box
Snake:3:  layout_basic, serial_shops, shop_fountains,
          nicolae_twisty_statue_hallways, minmay_shoptagon, serial_bayou_shore_b
Snake:4:  snake_hunt, layout_rooms, nicolae_snake_serpentine_hallways,
          grunt_ministairs_4
Orc:1:    layout_diamond_mine
Orc:2:    pubby_orc_utopia

Skill      XL: |  1  2  3  4  5  6  7  8  9 10 11 12 13 14 15 16 17 18 |
---------------+-------------------------------------------------------+-----
Alchemy        | 4 5 6 7 8 9 |  9.0
Spellcasting   | 3 4 5 6 7 9 10 11 12 13 14 15 | 15.0
Fire Magic     | 1 3 5 7 9 10 11 12 13 14 16 19 21 | 21.0
Fighting       | 1 3 4 6 7 9 10 12 13 | 13.1
Short Blades   | 1 3 4 6 7 9 10 | 10.0
Shields        | 3 6 |  6.1
Conjurations   | 3 9 10 | 10.5
Dodging        | |  1.5
Stealth        | |  3.0

Action                     |  1- 3 |  4- 6 |  7- 9 | 10-12 | 13-15 | 16-18 || total
---------------------------+-------+-------+-------+-------+-------+-------++-------
  Melee: Mace              |     5 |    16 |     1 |       |       |       ||    22
         Dagger            |       |       |   119 |   294 |   754 |   852 ||  2019
         Constrict         |       |       |       |       |   181 |   186 ||   367
   Cast: Sting             |    37 |    47 |    18 |    17 |    27 |    17 ||   163
         Olgreb's Toxic Ra |       |     4 |    21 |    42 |    85 |    25 ||   177
         Mephitic Cloud    |       |     1 |     3 |    13 |    20 |     8 ||    45
         Sticky Flame      |       |       |    14 |    56 |   105 |   163 ||   338
         Irradiate         |       |       |       |       |     7 |    44 ||    51
         Ignite Poison     |       |       |       |       |     2 |       ||     2
         Ignition          |       |       |       |       |       |    22 ||    22
         Fireball          |       |       |       |       |       |    16 ||    16
 Invoke: Call Merchant     |       |       |       |       |     1 |     2 ||     3
Ability: Spit Poison       |    30 |    29 |    20 |    27 |    47 |    18 ||   171
  Evoke: Wand              |       |       |       |     2 |       |       ||     2
         Phial of floods   |       |       |       |       |       |     1 ||     1
    Use: Scroll            |       |     4 |     8 |     4 |    10 |     1 ||    27
         Potion            |       |       |       |       |     1 |     1 ||     2
   Stab: Distracted        |       |       |     2 |     1 |     3 |     7 ||    13
         Sleeping          |       |       |       |     4 |     5 |    10 ||    19
         Confused          |       |       |       |     9 |    15 |     1 ||    25
         Invisible         |       |       |       |       |     3 |       ||     3
 Armour: Robe              |    19 |    14 |       |       |       |       ||    33
         Leather armour    |       |     2 |   106 |   216 |   364 |   724 ||  1412
  Dodge: Dodged            |    16 |    13 |    45 |    91 |   143 |   175 ||   483
  Block: Other             |     4 |     5 |    24 |    57 |    10 |       ||   100
         Reflection        |       |       |     1 |     2 |    13 |    49 ||    65
         Buckler           |       |       |       |       |   305 |   510 ||   815

Table legend: (Time is in decaauts)
 A = Elapsed time spent in this place.
 B = Non-inter-level travel time spent in this place.
 C = Inter-level travel time spent in this place.
 D = Time resting spent in this place.
 E = Time spent auto-exploring this place.
 F = Levels seen in this place.
 G = Mean time per level.
                   A        B        C        D        E       F      G
               +--------+--------+--------+--------+--------+-----+--------+
         Total |  48713 |  46508 |   2205 |   2687 |  36464 |  30 | 1623.8 |
       Dungeon |  21471 |  20534 |    937 |    590 |  16970 |  15 | 1431.4 |
          Lair |   9813 |   9207 |    606 |    307 |   7480 |   5 | 1962.6 |
        Shoals |   2302 |   2272 |     30 |    340 |   1465 |   2 | 1151.0 |
     Snake Pit |   9494 |   9044 |    450 |    870 |   6772 |   4 | 2373.5 |
  Orcish Mines |   3906 |   3724 |    182 |    124 |   2903 |   2 | 1953.0 |
         Sewer |    345 |    345 |      0 |     33 |    263 |   1 |  345.0 |
      Ice Cave |   1378 |   1378 |      0 |    423 |    609 |   1 | 1378.0 |
               +--------+--------+--------+--------+--------+-----+--------+

Top non-repeatable levels by time:
   Orc:2: 3100 daAuts
 Snake:4: 3057 daAuts
 Snake:3: 2898 daAuts
    D:14: 2447 daAuts
  Lair:5: 2442 daAuts
  Lair:1: 2318 daAuts
Shoals:1: 2081 daAuts
 Snake:2: 1975 daAuts
  Lair:3: 1842 daAuts
    D:13: 1668 daAuts
  Lair:4: 1662 daAuts
    D:15: 1579 daAuts
     D:6: 1578 daAuts
     D:3: 1576 daAuts
 Snake:1: 1564 daAuts
